Map: Kairos Junction LE

Players

HeroMarine - Winner!

  • Race: Terran Terran
  • League: Master
  • Spawn Location: 5:00

Reynor

  • Race: Zerg Zerg
  • League: Master
  • Spawn Location: 11:00

Event: HomeStory Cup XIX

VOD

Have the link to the VOD?

Description

Time

  • Played on: June 29, 2019, 11:50 a.m.
  • Length: 22:01

All games in this series

Show
View Real Time Build Order
Export as new Build Order

HeroMarine Terran - Winner!

Build Orders: Reaper Expand, Hellion Banshee 

Get SALT Encoding   

  12  0:00  SCV  
  13  0:13  SCV  
  14  0:17  Supply Depot  
  14  0:25  SCV  
  15  0:38  SCV  
  15  0:40  Barracks  
  16  0:43  Refinery  
  16  0:50  SCV  
  17  1:03  SCV  
  18  1:15  SCV  
  19  1:27  Orbital Command, Reaper  
  20  1:39  Command Center  
  20  1:48  Supply Depot  
  20  1:53  SCV  
  21  1:59  Marine  
  22  2:05  SCV  
  23  2:08  Factory  
  23  2:13  Refinery  
  23  2:17  SCV  
  23  2:21  Barracks Reactor  
  24  2:29  SCV  
  25  2:41  SCV  
  26  2:51  Orbital Command  
  26  2:53  Starport, SCV  
  27  3:03  Barracks Tech Lab, Hellion x2  
  31  3:06  SCV  
  32  3:18  SCV  
  32  3:19  SCV  
  34  3:23  Supply Depot  
  34  3:24  Hellion x2  
  38  3:30  SCV  
  38  3:31  SCV  
  40  3:36  Viking  
  40  3:39  Barracks Tech Lab  
  42  3:42  SCV  
  42  3:43  SCV  
  42  3:46  Hellion x2  
  42  3:48  Supply Depot  
  48  3:54  SCV  
  48  3:55  SCV  
  50  3:58  Marine  
  50  3:59  Stimpack  
  51  4:06  SCV  
  51  4:07  SCV  
  53  4:10  Banshee  
  53  4:15  Marine  
  57  4:18  SCV  
  57  4:19  SCV  
  57  4:20  Factory Reactor  
  57  4:22  Command Center  
  59  4:30  SCV  
  60  4:31  SCV  
  60  4:34  Marine  
  60  4:37  Barracks  
  60  4:38  Barracks  
  62  4:45  Factory Tech Lab  
  62  4:48  Supply Depot  
  62  4:50  Bunker  
  62  4:59  Engineering Bay  
  62  5:00  Engineering Bay  
  62  5:03  Starport Reactor  
  62  5:08  Siege Tank, Marine, SCV x2  
  67  5:20  SCV x2  
  69  5:26  Marine, Terran Infantry Weapons Level 1, Terran Infantry Armor Level 1  
  69  5:28  Marine x2, Barracks Reactor  
  70  5:32  SCV x2  
  70  5:33  Refinery  
  70  5:34  Orbital Command, Refinery  
  74  5:44  Marine, SCV  
  74  5:45  SCV  
  74  5:46  Barracks, Marine x2, Starport Reactor  
  74  5:47  Barracks  
  74  5:49  Marine  
  80  5:50  Marine  
  80  5:56  Siege Tank  
  80  5:57  SCV x2  
  86  6:01  Marine, SCV, Supply Depot  
  88  6:05  Marine x2  
  88  6:09  SCV x2  
  92  6:12  Marine  
  92  6:16  Supply Depot  
  93  6:18  Orbital Command  
  93  6:23  Marine, SCV  
  93  6:24  Supply Depot  
  95  6:25  SCV  
  95  6:32  Marine x2  
  98  6:35  Marine, SCV  
  98  6:36  Barracks Reactor x2  
  98  6:38  SCV  
  101  6:41  Combat Shield, Marine x2  
  101  6:44  Medivac x2  
  99  6:47  Siege Tank, SCV  
  99  6:50  Marine x2  
  99  6:53  Marine  
  102  6:54  Supply Depot  
  102  6:57  SCV x2  
  102  6:58  Armory  
  102  6:59  SCV  
  102  7:01  Marine  
  108  7:09  SCV x2  
  108  7:11  SCV  
  111  7:16  Supply Depot  
  111  7:17  Supply Depot, Medivac  
  111  7:18  Supply Depot  
  111  7:21  SCV, Medivac  
  111  7:22  Siege Tank, SCV  
  118  7:26  Marine x4, Refinery  
  118  7:27  Marine  
  118  7:28  Refinery  
  118  7:29  Marine x2  
  125  7:38  Marine x2, SCV x3  
  125  7:43  Marine  
  125  7:44  Marine  
  131  7:46  Marine x3  
  134  7:52  Terran Infantry Weapons Level 2, Terran Infantry Armor Level 2  
  134  7:54  Marine, SCV x3  
  134  7:55  Marine x2  
  134  7:56  Marine  
  139  8:01  Marine x2  
  139  8:04  Marine x3  
  144  8:06  Supply Depot  
  144  8:12  Marine x2  
  144  8:13  Marine, Factory, Medivac  
  149  8:23  Supply Depot x2  
  149  8:27  Marine, Medivac  
  149  8:28  Marauder  
  149  8:32  Supply Depot  
  154  8:35  Command Center  
  154  8:39  Siege Tank  
  157  8:44  Marine x7  
  157  8:45  Marine  
  157  8:46  Supply Depot  
  159  8:48  Marine  
  159  8:54  Medivac  
  161  8:57  Factory Tech Lab, Medivac  
  161  9:02  Marine x5, Sensor Tower  
  163  9:06  Terran Vehicle And Ship Armor Level 1  
  168  9:12  Barracks  
  168  9:13  Barracks x2, Marine x2  
  169  9:18  Siege Tank x2  
  169  9:20  Marauder  
  169  9:23  Marine x2  
  179  9:30  Marine x2  
  179  9:34  Marine x2  
  179  9:38  Supply Depot  
  181  9:45  Medivac x2  
  183  9:50  Siege Tank  
  188  9:54  Marauder  
  186  10:00  SCV  
  186  10:02  SCV  
  186  10:04  Marine x3  
  186  10:05  Marine  
  192  10:07  Marine  
  192  10:08  Barracks Tech Lab  
  192  10:09  Terran Infantry Weapons Level 3, Barracks Tech Lab, Terran Infantry Armor Level 3  
  192  10:10  Marauder  
  195  10:15  Marauder  
  195  10:20  Marine x3  
  200  10:25  Planetary Fortress  
  200  10:30  Marine  
  200  10:31  Marauder  
  200  10:32  Marine x2  
  200  10:34  Marine x2  
  188  10:37  Marauder x2  
  188  10:40  Marine  
  188  10:41  Marine x2  
  189  10:45  Marauder  
  189  10:48  Marine  
  185  10:50  Marine x2  
  185  10:51  Marine  
  185  10:53  Marauder  
  185  10:54  Marine  
  173  10:58  Marauder, Marine x2, SCV x2  
  173  10:59  SCV  
  173  11:00  Marine x2  
  152  11:05  Marine  
  152  11:06  Marauder  
  152  11:08  Marine x2  
  152  11:09  Marine  
  152  11:10  SCV  
  152  11:11  SCV x3  
  159  11:12  Marine  
  159  11:14  Marine  
  159  11:16  Marine x2  
  159  11:18  Marine  
  157  11:19  Marine x2  
  157  11:23  Marine  
  161  11:28  Marine x3  
  161  11:30  Marine  
  161  11:32  Supply Depot  
  167  11:34  Marine, SCV x3  
  167  11:36  Sensor Tower  
  167  11:38  Marine x2  
  167  11:39  Medivac  
  176  11:40  Medivac  
  176  11:41  Siege Tank x2  
  176  11:44  Marine x2  
  180  11:48  Marine x2  
  180  11:49  Marine x2  
  180  11:51  Marine x2  
  186  11:56  Marauder  
  186  11:57  Marine x2  
  186  12:00  Marine  
  191  12:02  Marine  
  191  12:03  Marauder  
  191  12:06  Marine  
  194  12:09  Marauder  
  194  12:10  Marine  
  194  12:12  Marine x2  
  199  12:17  Marine  
  199  12:20  Marine x2  
  194  12:27  Marine x4  
  194  12:28  Siege Tank  
  199  12:31  Marine  
  199  12:32  Command Center  
  199  12:33  Command Center  
  199  12:36  Terran Vehicle And Ship Armor Level 2  
  199  12:38  Marine  
  199  12:42  Marauder  
  196  12:44  Marauder, Marine  
  196  12:48  Marauder x2, Marine x2  
  196  12:49  Marine x3  
  196  12:50  Marine  
  170  12:56  Marine  
  170  12:57  Medivac x2  
  175  13:02  Siege Tank, Marine  
  175  13:03  Marine  
  180  13:14  Marauder x2  
  180  13:17  Marine, Starport x2  
  180  13:18  Fusion Core  
  181  13:24  Marauder, Marine x2  
  184  13:29  Marine  
  184  13:34  Siege Tank  
  188  13:35  Marauder  
  188  13:39  Marauder x2  
  191  13:44  Marine x2  
  191  13:47  Orbital Command  
  193  13:50  Refinery, SCV x4  
  193  13:52  Refinery  
  197  13:58  Starport Tech Lab, Starport Reactor  
  197  14:02  SCV x3  
  200  14:06  Marine x2  
  200  14:07  Marauder  
  200  14:08  Marine x2  
  198  14:10  Marine x2  
  198  14:11  Marine x2  
  200  14:23  Planetary Fortress  
  200  14:28  Liberator x2  
  200  14:32  Advanced Ballistics, Liberator  
  200  14:33  Liberator  
  200  14:34  Marine  
  200  14:41  Liberator  
  200  15:10  Ghost Academy, Neosteel Armor, Hi-Sec Auto Tracking, Terran Ship Weapons Level 1  
  200  15:11  Armory  
  200  15:15  Refinery  
  200  15:16  Refinery  
  200  15:35  Marauder, Liberator  
  197  15:36  Marine x3, Liberator x2  
  197  15:37  Marine x2  
  197  15:42  Marauder x2  
  179  15:48  Marauder  
  178  15:50  SCV x6  
  178  15:56  Marauder  
  191  16:02  SCV x5  
  191  16:03  Marauder x2  
  200  16:07  Liberator  
  200  16:11  Terran Vehicle And Ship Armor Level 3  
  200  16:16  Command Center  
  200  16:18  Command Center  
  200  16:26  Missile Turret  
  200  16:30  Missile Turret  
  200  16:31  Ghost x2  
  198  16:34  Ghost  
  198  16:37  Medivac  
  193  16:41  Ghost  
  193  16:45  Marine x2  
  185  16:47  Missile Turret  
  185  16:50  Marine  
  185  16:51  Marine x3  
  185  16:54  Marine x2, SCV x3  
  177  16:59  Ghost  
  177  17:00  Marine  
  183  17:02  Marine  
  183  17:03  Marine x2, Liberator  
  183  17:05  SCV  
  183  17:06  SCV x2  
  189  17:08  Marine  
  189  17:09  Marine  
  189  17:10  Orbital Command, Marauder  
  190  17:17  Concussive Shells  
  190  17:18  Marauder  
  190  17:21  Marauder  
  197  17:29  Marauder  
  196  17:38  Marauder, Liberator x3  
  195  17:48  Marine x2  
  200  18:02  Command Center  
  200  18:05  Liberator  
  199  18:34  Marine  
  199  18:39  Terran Ship Weapons Level 2  
  200  18:44  Orbital Command  
  199  18:49  Marine x2  
  199  18:51  Marauder, Marine  
  199  18:53  Liberator x3  
  183  18:57  Marauder x2  
  183  18:58  Marine x2  
  189  19:12  Marauder, Command Center  
  200  19:19  Liberator  
  200  19:24  Ghost  
  200  19:25  Ghost  
  200  19:26  Marine x2  
  200  19:28  Marine x2  
  200  19:30  Marauder  
  169  19:33  Marine x2, Marauder, Liberator  
  169  19:35  Marine x2  
  143  19:44  Marine x2  
  143  19:45  Widow Mine x2  
  141  19:46  Drilling Claws, Marine x2  
  141  19:51  Marauder, Marine x2  
  150  19:53  Marine x2  
  150  19:54  Marauder x3  
  157  20:01  Marine  
  157  20:02  Marine  
  157  20:04  Marine x2  
  159  20:07  Liberator  
  159  20:08  Liberator  
  159  20:09  Marine x2  
  159  20:10  Marine x2  
  159  20:13  Marauder  
  165  20:15  Marauder x2  
  165  20:16  Marauder  
  165  20:17  SCV x2  
  165  20:18  SCV  
  165  20:19  Marine  
  181  20:30  Marine x4  
  181  20:31  Marine x3  
  181  20:34  Marauder  
  190  20:36  Marine x2  
  190  20:40  Marine x2  
  194  20:45  Refinery  
  194  20:48  Marine x4  
  195  20:51  Liberator  
  195  20:52  Marine  
  195  20:54  Marauder, Marine  
  195  20:55  Marauder  
  200  20:58  Marine x2  
  197  21:06  Marine x2  
  200  21:20  Planetary Fortress  
  200  21:29  Marine, Marauder  
  200  21:31  SCV x3  
  197  21:39  Marauder  
Show
View Real Time Build Order
Export as new Build Order

Reynor Zerg 

Build Orders: Hatch First 

Get SALT Encoding   

  12  0:00  Drone  
  13  0:12  Overlord  
  13  0:16  Drone  
  14  0:30  Drone x2  
  14  0:35  Drone  
  17  0:52  Hatchery  
  17  0:56  Drone  
  17  0:59  Drone  
  18  1:10  Extractor  
  17  1:14  Spawning Pool  
  17  1:16  Drone  
  17  1:20  Drone  
  18  1:27  Drone  
  19  1:38  Drone  
  20  1:49  Overlord  
  20  2:01  Zergling x2  
  21  2:04  Queen x2  
  21  2:05  Zergling x2  
  26  2:12  Drone  
  26  2:15  Drone  
  28  2:27  Drone, Hatchery  
  28  2:31  Drone  
  28  2:35  Metabolic Boost  
  28  2:36  Drone  
  30  2:40  Drone  
  30  2:46  Queen  
  32  2:51  Overlord  
  32  2:54  Drone  
  32  2:56  Drone  
  34  2:58  Drone  
  35  3:14  Overlord  
  35  3:15  Drone  
  35  3:16  Drone  
  35  3:17  Drone x3  
  40  3:21  Drone  
  40  3:22  Queen  
  43  3:30  Roach Warren  
  43  3:31  Drone  
  43  3:32  Drone  
  44  3:40  Drone x2, Overlord  
  46  3:47  Drone x3  
  49  3:49  Overlord  
  49  3:51  Drone  
  49  3:54  Zergling x6  
  53  3:56  Zergling x2  
  53  4:02  Overlord  
  53  4:12  Roach x3  
  53  4:15  Roach x2  
  63  4:23  Roach x3  
  69  4:25  Drone  
  69  4:26  Overlord  
  69  4:30  Drone  
  69  4:31  Extractor  
  70  4:32  Drone  
  70  4:34  Queen  
  70  4:37  Overlord  
  73  4:41  Overlord  
  73  4:44  Drone x2  
  75  4:45  Overlord  
  75  4:47  Drone x2  
  75  4:49  Drone x2  
  79  4:54  Zergling x2  
  79  4:56  Zergling x6  
  79  4:57  Zergling x2  
  79  4:59  Drone  
  85  5:02  Drone  
  85  5:07  Overlord  
  86  5:11  Drone x3  
  85  5:17  Roach x3  
  87  5:23  Overlord  
  87  5:26  Drone x5  
  87  5:27  Drone  
  93  5:29  Drone  
  93  5:30  Evolution Chamber  
  93  5:32  Evolution Chamber  
  92  5:38  Drone x2  
  92  5:39  Drone  
  95  5:48  Lair  
  95  5:49  Spore Crawler  
  94  5:50  Hatchery  
  94  5:51  Drone, Spore Crawler  
  94  5:52  Drone  
  94  5:53  Spore Crawler  
  94  5:54  Drone x3  
  96  5:58  Zerg Ground Armor Level 1  
  96  6:02  Overlord  
  96  6:05  Queen  
  96  6:11  Extractor  
  95  6:12  Drone, Extractor  
  95  6:13  Drone x4  
  95  6:17  Zergling x6  
  101  6:26  Zergling x12  
  101  6:30  Drone x2  
  108  6:32  Baneling Nest  
  108  6:33  Drone  
  108  6:35  Drone x2  
  109  6:46  Zergling x2  
  109  6:47  Zergling x12  
  114  6:53  Extractor  
  113  6:57  Drone x2  
  113  6:58  Drone  
  113  7:00  Extractor  
  115  7:02  Drone, Zerg Melee Weapons Level 1  
  115  7:03  Drone x3  
  115  7:06  Drone x4  
  115  7:07  Ravager x3  
  115  7:08  Drone x2  
  128  7:14  Overlord  
  128  7:15  Overlord  
  127  7:23  Overlord  
  127  7:26  Centrifical Hooks  
  127  7:32  Queen, Overlord  
  127  7:34  Zergling x16  
  127  7:36  Baneling x7  
  137  7:38  Roach  
  137  7:39  Drone  
  137  7:40  Drone  
  138  7:46  Zergling x12  
  138  7:49  Drone  
  142  7:54  Zerg Ground Armor Level 2  
  142  7:58  Overlord  
  142  7:59  Drone x6  
  142  8:01  Ravager  
  142  8:02  Ravager x2  
  151  8:07  Infestation Pit  
  151  8:08  Zergling x6, Extractor  
  151  8:10  Spore Crawler  
  151  8:15  Zergling x2  
  151  8:16  Zergling x6  
  151  8:17  Hatchery, Roach  
  151  8:19  Zergling x2  
  157  8:21  Overlord  
  157  8:22  Queen x2  
  156  8:27  Roach x2  
  156  8:29  Glial Reconstitution  
  156  8:31  Zergling x10  
  165  8:34  Hatchery  
  165  8:40  Zergling x8  
  168  8:47  Zergling x4  
  167  8:50  Zergling x6  
  167  8:53  Baneling x8  
  167  8:54  Zergling x6  
  168  9:02  Queen  
  170  9:03  Hive  
  170  9:04  Baneling x5  
  170  9:05  Overlord x3  
  170  9:10  Zergling x2  
  170  9:11  Zergling x12  
  170  9:15  Zerg Melee Weapons Level 2  
  170  9:16  Overlord  
  174  9:20  Zergling x12  
  174  9:25  Roach x2  
  173  9:32  Zergling x10  
  173  9:35  Zergling x2  
  173  9:36  Baneling x3  
  173  9:37  Baneling x4  
  179  9:39  Zergling x4  
  183  9:45  Roach  
  183  9:49  Zergling x2, Overlord  
  183  9:50  Zergling x10  
  189  9:57  Zergling x4  
  188  10:02  Baneling x11  
  188  10:06  Zergling x10  
  193  10:10  Zergling x8  
  193  10:13  Overlord  
  197  10:20  Zergling x2, Roach  
  198  10:24  Baneling x5  
  197  10:32  Zergling x14  
  197  10:33  Zergling x4  
  197  10:34  Zergling x2  
  197  10:35  Zergling x4  
  198  10:38  Roach x2  
  198  10:39  Zergling x2  
  198  10:40  Ravager  
  198  10:48  Ultralisk Cavern  
  198  10:49  Zergling x14  
  199  10:53  Roach x2  
  178  10:58  Queen  
  178  11:00  Zergling x4, Roach x2  
  178  11:01  Baneling x10  
  178  11:02  Viper x3  
  182  11:07  Zergling x4, Extractor  
  169  11:12  Zergling x6  
  169  11:13  Zergling x2  
  169  11:18  Zergling x8  
  170  11:20  Baneling x8  
  170  11:25  Zergling x6  
  173  11:26  Zerg Ground Armor Level 3  
  173  11:29  Extractor  
  173  11:30  Zergling x2  
  173  11:31  Zergling x2  
  170  11:34  Zergling x16  
  170  11:35  Queen  
  179  11:46  Zergling x12, Ultralisk x2  
  195  11:50  Zergling x2  
  195  11:56  Chitinous Plating  
  195  11:57  Drone x4  
  199  12:05  Baneling x8  
  199  12:06  Baneling  
  196  12:20  Zergling x8, Hatchery  
  196  12:25  Zerg Melee Weapons Level 3  
  196  12:27  Zergling x2  
  196  12:28  Zergling x12  
  186  12:44  Zergling x18  
  186  12:45  Zergling x12  
  186  12:47  Hatchery  
  186  12:49  Ravager x2  
  186  12:50  Ravager x2  
  191  12:52  Adrenal Glands  
  191  12:57  Zergling x10  
  195  13:11  Zergling x6  
  196  13:20  Zergling x4  
  196  13:21  Zergling x2  
  188  13:36  Hatchery  
  188  13:37  Zergling x4, Ultralisk x3  
  188  13:38  Anabolic Synthesis  
  198  13:51  Zergling x4  
  198  13:55  Baneling x16  
  190  14:09  Ultralisk  
  193  14:10  Zergling x6  
  194  14:21  Hatchery  
  194  14:25  Zergling x12  
  194  14:28  Baneling x4  
  194  14:31  Baneling x7  
  200  14:37  Drone  
  200  14:42  Drone  
  196  14:46  Zergling x8  
  199  15:10  Baneling  
  199  15:11  Baneling x3  
  198  15:23  Zergling x6  
  193  15:35  Zergling x14  
  193  15:36  Zergling x8  
  193  15:42  Zergling x4  
  188  15:46  Ultralisk  
  188  15:49  Baneling  
  194  15:50  Baneling x14  
  194  15:52  Zergling x6  
  196  15:59  Zergling x6  
  199  16:24  Zergling x6  
  199  16:27  Spire  
  168  16:47  Drone x3  
  168  16:51  Zergling x30  
  168  16:53  Queen  
  179  16:59  Drone  
  177  17:08  Roach  
  177  17:09  Zergling x4, Roach  
  177  17:13  Zergling x4, Ultralisk x2  
  177  17:14  Zergling x6  
  199  17:16  Queen  
  199  17:27  Baneling x4  
  199  17:28  Baneling x6  
  198  17:37  Drone x2  
  196  17:57  Zergling x10  
  199  18:09  Baneling x2  
  199  18:10  Baneling x2  
  188  18:21  Roach x2  
  188  18:23  Infestor x4  
  200  18:42  Zergling x2, Spore Crawler  
  179  18:56  Zergling x20  
  179  18:57  Zergling x12  
  195  19:07  Hatchery  
  195  19:08  Ravager x2  
  195  19:09  Ravager x4  
  198  19:21  Hatchery  
  142  19:32  Corruptor x4  
  142  19:33  Zergling x20  
  114  19:46  Infestor x3  
  114  19:56  Infestor  
  113  20:10  Infestor x3  
  113  20:12  Ravager x3  
  113  20:13  Zergling x10  
  125  20:18  Zergling x6  
  128  20:27  Zergling x8  
  132  20:32  Zergling x2  
  132  20:33  Zergling x4  
  134  20:36  Baneling x8  
  134  20:37  Baneling  
  134  20:43  Zergling x8  
  135  20:52  Zergling x4  
  135  20:57  Zergling x4  
  129  21:05  Zergling x16  
  129  21:08  Baneling x3  
  129  21:09  Baneling  
  134  21:12  Baneling x2  
  134  21:17  Baneling  
  134  21:18  Baneling x2  
  132  21:28  Baneling x4  
  124  21:43  Baneling x7  
Tags
 
Add a new tag
Caveats
  • Supply blocks, unpowered buildings, or Contaminate may cause inaccurate times.
  • Supply counts are checked every 10 seconds.